 Dungeon Crawl Stone Soup version 0.21-a0-396-ga924934 (webtiles) character file.

1500 sagitran the Slasher (level 8, -8/61 HPs)
             Began as a Demonspawn Gladiator on Oct 16, 2017.
             Was a Follower of Qazlal.
             Mangled by an orc warrior
             ... wielding a +0 short sword of freezing
              (16 damage)
             ... on level 7 of the Dungeon on Oct 19, 2017.
             The game lasted 00:46:46 (6747 turns).

sagitran the Slasher (Demonspawn Gladiator)         Turns: 6747, Time: 00:46:47

Health: -8/61      AC:  7    Str: 23    XL:     8   Next: 52%
Magic:  8/8        EV: 12    Int:  9    God:    Qazlal [*.....]
Gold:   374        SH: 12    Dex: 15    Spells: 6/7 levels left

rFire    . . .     SeeInvis .   a - +0 long sword
rCold    . . .     Gourm    .   h - +0 shield
rNeg     + . .     Faith    .   A - +1 leather armour "Pehod" {*Drain rN+ Str+3 Stlth+}
rPois    +         Spirit   .   c - +0 helmet
rElec    .         Reflect  .   (no cloak)
rCorr    .         Harm     .   (no gloves)
MR       .....                  (no boots)
Stlth    +++++.....             G - amulet of regeneration
HPRegen  0.60/turn              k - ring of poison resistance (curse)
MPRegen  0.11/turn              F - +3 ring of strength

@: no status effects
A: icy blue scales 1, demonic guardian 1, nightstalker 3
a: Renounce Religion


You were on level 7 of the Dungeon.
You worshipped Qazlal.
Qazlal was aware of your devotion.
You were hungry.

You visited 2 branches of the dungeon, and saw 8 of its levels.

You collected 374 gold pieces.

Inventory:

Hand Weapons
 a - a +0 long sword (weapon)
 s - a +1 dagger of protection
Missiles
 g - a throwing net
 l - 4 tomahawks (quivered)
Armour
 b - a +0 leather armour
 c - a +0 helmet (worn)
 h - a +0 shield (worn)
 m - a +0 scale mail
 t - a +0 ring mail
 A - the +1 leather armour "Pehod" (worn) {*Drain rN+ Str+3 Stlth+}
   (You found it on level 6 of the Dungeon)

   It affects your strength (+3).
   It protects you from negative energy.
   It causes draining when unequipped.
   It makes you more stealthy.
Jewellery
 k - a cursed ring of poison resistance (left hand)
 u - an uncursed ring of ice
 D - an uncursed amulet of guardian spirit
 F - a +3 ring of strength (right hand)
 G - an amulet of regeneration (around neck)
Wands
 y - a wand of random effects (18/48)
 B - a wand of polymorph (22/24)
Scrolls
 d - 2 scrolls of remove curse
 e - 2 scrolls of recharging
 i - 4 scrolls of teleportation
 j - 2 scrolls of fear
 n - 2 scrolls of identify
 q - 3 scrolls of enchant weapon {unknown}
 v - a scroll of amnesia {unknown}
 x - a scroll of magic mapping {unknown}
 C - a scroll of enchant armour {unknown}
Potions
 E - a potion of haste {unknown}
 H - a potion of berserk rage
 I - a potion of ambrosia {unknown}
Books
 p - a book of Maledictions

   Spells                             Type                      Level
   a - Corona                         Hexes                        1
   b - Ensorcelled Hibernation        Hexes/Ice                    2
   c - Confuse                        Hexes                        3
   d - Tukima's Dance                 Hexes                        3
   e - Dazzling Spray                 Conjuration/Hexes            3
 r - a book of Misfortune

   Spells                             Type                      Level
   a - Confusing Touch                Hexes                        1
   b - Confuse                        Hexes                        3
   c - Gell's Gravitas                Translocation                3
   d - Petrify                        Transmutation/Earth          4
   e - Metabolic Englaciation         Hexes/Ice                    5
   f - Yara's Violent Unravelling     Hexes/Transmutation          5
Comestibles
 f - 5 bread rations
 o - 3 meat rations
 w - a royal jelly
 z - 7 fruits
 J - 4 chunks of flesh


   Skills:
 + Level 4.4 Fighting
 + Level 6.4 Long Blades
 + Level 2.2 Throwing
 + Level 3.4 Armour
 + Level 4.2 Dodging
 + Level 1.4 Stealth
 + Level 3.9 Shields


You had 6 spell levels left.
You knew the following spells:

 Your Spells              Type           Power        Failure   Level  Hunger
a - Corona                Hex            #......      89%         1    ##.....


Dungeon Overview and Level Annotations

Branches:
Dungeon (7/15)             Temple (1/1) D:4

Altars:
Ashenzari
Cheibriados
Dithmenos
Elyvilon
Fedhas
Gozag
Kikubaaqudgha
Makhleb
Okawaru
Qazlal
Ru
Sif Muna
Trog
Uskayaw
Vehumet
Yredelemnul
Zin
The Shining One


Innate Abilities, Weirdness & Mutations

You are partially covered in icy blue scales. (AC +2)
A weak demonic guardian rushes to your aid.
You are completely attuned to the shadows.


Message History

The orc warrior hits you with a short sword of freezing!
* * * LOW HITPOINT WARNING * * *
The orc warrior freezes you.
* * * LOW HITPOINT WARNING * * *
You barely miss the orc warrior.
The orc warrior is severely wounded.
You block the orc warrior's attack. x2
You hit the orc warrior but do no damage.
The orc warrior is severely wounded.
The orc warrior hits you with a short sword of freezing.
* * * LOW HITPOINT WARNING * * *
The orc warrior freezes you.
* * * LOW HITPOINT WARNING * * *
You hit the orc warrior.
The orc warrior is almost dead.
The orc warrior completely misses you.
Your shield prevents you from hitting the orc warrior.
The orc warrior is almost dead.
The orc warrior hits you with a short sword of freezing!
You die...

##.... .....#
.....###############
....>#..............
#########)#.#############
........5.#.#
.....(#####.###
......#o@.....#
..............#
..............########
.....................#
(.....#....).........#
.....#......).......#
####.#####)#........# #.#
#.#........# #.#
#.#........#


You could see an orc warrior.

Vanquished Creatures
  Sigmund (D:6)
  Edmund (D:4)
  A necrophage (D:5)
  A centaur (D:6)
  2 elf zombies (D:5)
  A bullfrog (D:7)
  An elf skeleton (D:5)
  The ghost of Yermak the Conjurer, a weakling DgFE (D:3)
  2 crimson imps
  A centaur zombie (D:6)
  An orc priest (D:7)
  A bullfrog skeleton (D:4)
  A jelly (D:7)
  An iguana (D:6)
  Natasha (thrice) (D:4)
  A human skeleton (D:5)
  5 worker ants
  Robin (D:3)
  7 gnolls (D:5)
  6 adders
  2 shadow imps
  An adder skeleton (D:4)
  2 worms
  4 leopard geckos
  10 orcs
  8 giant cockroaches
  17 goblins
  12 hobgoblins
  4 jackals (D:4)
  A quokka (D:4)
  3 ball pythons
  13 bats
  2 frilled lizards
  4 kobolds
  A leopard gecko skeleton (D:6)
  An orc skeleton (D:5)
  An orc zombie (D:5)
  3 rats
128 creatures vanquished.

Vanquished Creatures (collateral kills)
  A hungry ghost (D:7)
  Duvessa (D:7)
  An ogre (D:7)
  Dowan (D:7)
4 creatures vanquished.

Grand Total: 132 creatures vanquished

Notes
Turn   | Place    | Note
-------+----------+-------------------------------------------
     0 | D:1      | sagitran the Demonspawn Gladiator began the quest for the Orb.
     0 | D:1      | Reached XP level 1. HP: 16/16 MP: 1/1
    53 | D:1      | Reached skill level 3 in Long Blades
    57 | D:1      | Gained mutation: You are partially covered in icy blue scales. (AC +2) [demonic ancestry]
    57 | D:1      | Reached XP level 2. HP: 19/22 MP: 2/2
   510 | D:1      | Upgraded the game from 0.21-a0-372-gd0ff781 to 0.21-a0-380-gd65dc97
   903 | D:2      | Reached XP level 3. HP: 26/27 MP: 3/3
  1567 | D:3      | Noticed Yermak's ghost (weakling DgFE)
  1588 | D:3      | Killed Yermak's ghost
  1588 | D:3      | Reached skill level 1 in Armour
  1588 | D:3      | Reached skill level 1 in Shields
  1588 | D:3      | Gained mutation: A weak demonic guardian rushes to your aid. [demonic ancestry]
  1588 | D:3      | Reached XP level 4. HP: 14/33 MP: 4/4
  2105 | D:3      | HP: 2/49 [adder (1)]
  2107 | D:3      | Gained mutation: You are slightly more attuned to the shadows. [demonic ancestry]
  2107 | D:3      | Reached XP level 5. HP: 2/38 MP: 5/5
  2112 | D:3      | HP: 1/38 [poisoned by an adder]
  2411 | D:3      | Found a hide-covered altar of Uskayaw.
  2540 | D:3      | Found a stormy altar of Qazlal.
  2548 | D:3      | Became a worshipper of Qazlal Stormbringer
  2612 | D:3      | Learned a level 1 spell: Corona
  2703 | D:3      | Reached skill level 4 in Long Blades
  2818 | D:3      | Noticed Robin
  2833 | D:3      | Killed Robin
  2962 | D:4      | Noticed Natasha
  2965 | D:3      | Upgraded the game from 0.21-a0-380-gd65dc97 to 0.21-a0-396-ga924934
  3199 | D:4      | Killed Natasha
  3327 | D:5      | Entered Level 5 of the Dungeon
  3383 | D:4      | Noticed Edmund
  3395 | D:4      | Killed Edmund
  3395 | D:4      | Gained mutation: You are significantly more attuned to the shadows. [demonic ancestry]
  3395 | D:4      | Reached XP level 6. HP: 39/46 MP: 6/6
  3491 | D:4      | Noticed Natasha
  3511 | D:4      | Killed Natasha
  3727 | D:4      | Reached * piety under Qazlal
  3753 | D:4      | Found a staircase to the Ecumenical Temple.
  3759 | Temple   | Entered the Ecumenical Temple
  4062 | D:4      | Noticed Natasha
  4069 | D:4      | Killed Natasha
  4190 | D:5      | HP: 2/47 [gnoll/spear (5)]
  4557 | D:6      | Found an iron altar of Okawaru.
  4560 | D:6      | Noticed Sigmund
  4589 | D:5      | Reached skill level 5 in Long Blades
  4589 | D:5      | Reached XP level 7. HP: 51/52 MP: 7/7
  5306 | D:6      | Killed Sigmund
  5306 | D:6      | Reached skill level 1 in Stealth
  5315 | D:6      | Got a smoking leather armour
  5326 | D:6      | Identified the +1 leather armour "Pehod" {*Drain rN+ Str+3 Stlth+} (You found it on level 6 of the Dungeon)
  5329 | D:6      | Reached ** piety under Qazlal
  5355 | D:6      | Gained mutation: You are completely attuned to the shadows. [demonic ancestry]
  5355 | D:6      | Reached XP level 8. HP: 6/60 MP: 8/8
  5802 | D:6      | Reached skill level 6 in Long Blades
  6527 | D:7      | Noticed Duvessa
  6531 | D:7      | Noticed Dowan
  6541 | D:7      | Killed Duvessa
  6548 | D:7      | Killed Dowan
  6747 | D:7      | Mangled by an orc warrior

Vault maps used:
D:1:      ncdulo_halloftheorcs
D:2:      kennysheep_big_flooded_room, first_bread
D:3:      nicolae_overflow_crystal_walls, lemuel_round_altar,
          kennysheep_generic_room_16, uniq_robin
D:4:      minmay_temple_entry_enclosed_plants, uniq_natasha, uniq_edmund
D:5:      gammafunk_temple_overflow_elements, nicolae_ossuary_entry_catacombs
D:6:      kb_forest_paths, basic_altar, nicolae_underground_beach, uniq_sigmund
D:7:      uniq_duvessa
Temple:   compressed_dpeg_circular_temple

Skill      XL: |  1  2  3  4  5  6  7  8 |
---------------+-------------------------+-----
Long Blades    | 3 4 5 6 |  6.4
Throwing       | 2 |  2.2
Dodging        | 3 4 |  4.2
Armour         | 1 2 3 |  3.4
Shields        | 1 2 3 |  3.9
Fighting       | 3 4 |  4.4
Stealth        | 1 |  1.4

Action                   |  1- 3 |  4- 6 |  7- 9 || total
-------------------------+-------+-------+-------++-------
Melee: Long sword        |   126 |   263 |   196 ||   585
Throw: Throwing net      |     3 |     3 |       ||     6
       Tomahawk          |       |     2 |    10 ||    12
  Use: Potion            |     3 |     5 |     2 ||    10
       Scroll            |     1 |     4 |       ||     5
 Stab: Held in net/web   |     1 |       |       ||     1
       Distracted        |       |     1 |     1 ||     2
       Sleeping          |       |     1 |       ||     1
  Eat: Bread ration      |     1 |       |     1 ||     2
       Meat ration       |       |     1 |       ||     1
       Chunk             |       |     2 |     1 ||     3
       Fruit             |       |     1 |     2 ||     3
Armor: Leather armour    |    63 |     1 |    18 ||    82
       Scale mail        |       |    90 |    27 ||   117
Dodge: Dodged            |    84 |   113 |    61 ||   258
Block: Shield            |    36 |   102 |    85 ||   223
       Rpst.: Long sword |    31 |    47 |    23 ||   101

Table legend:
 A = Spawn XP
 B = Non-spawn XP
 C = Spawn XP percentage of total XP
 D = Spawn monster count
 E = Non-spawn monster count
 F = Spawn count percentage of total count
 G = Total turns spent on level
                    A         B        C        D         E        F      G
               +---------+---------+-------+---------+---------+-------+---------
         Total |       0 |    2144 |   0.0 |       0 |     132 |   0.0 |  6747
               +---------+---------+-------+---------+---------+-------+---------
           D:1 |       0 |      35 |   0.0 |       0 |      21 |   0.0 |   746
           D:2 |       0 |      53 |   0.0 |       0 |      21 |   0.0 |   845
           D:3 |       0 |     209 |   0.0 |       0 |      32 |   0.0 |  1672
           D:4 |       0 |     360 |   0.0 |       0 |      20 |   0.0 |  1114
           D:5 |       0 |     498 |   0.0 |       0 |      18 |   0.0 |   774
           D:6 |       0 |     516 |   0.0 |       0 |      10 |   0.0 |  1221
           D:7 |       0 |     473 |   0.0 |       0 |      10 |   0.0 |   260
               +---------+---------+-------+---------+---------+-------+---------
